 Dungeon Crawl Stone Soup version 0.19-a0-1587-gaef70b6 (webtiles) character file.

4373 Amnesiac the Prestidigitator (level 10, 0/65 HPs)
             Began as a Mummy Artificer on Sept 16, 2016.
             Was an Initiate of Gozag.
             Slain by a guardian serpent (13 damage)
             ... on level 9 of the Dungeon.
             The game lasted 00:25:29 (10750 turns).

Amnesiac the Prestidigitator (Mummy Artificer)     Turns: 10750, Time: 00:25:30

Health: 0/65       AC: 14    Str: 15    XL:     10   Next: 13%
Magic:  18/18      EV: 12    Int: 11    God:    Gozag
Gold:   272        SH:  0    Dex: 16    Spells: 0 memorised, 9 levels left

rFire  . . .     SeeInvis .     v - +0 dagger (drain)
rCold  . . .     Gourm    .     F - +3 leather armour {MR+}
rNeg   + + +     Faith    .     (no shield)
rPois  ∞         Spirit   .     b - +0 helmet
rElec  .         Dismiss  .     A - +2 cloak
rCorr  .         Reflect  .     (no gloves)
MR     ++...     Harm     .     (no boots)
Stlth  +++.......               (no amulet)
                                p - +4 ring of protection
                                B - ring of fire

@: gold aura
A: no food or potions, fire vulnerability, cold resistance 1, negative energy
resistance 3, torment resistance, unbreathing
a: Potion Petition, Call Merchant, Bribe Branch, Renounce Religion


You were on level 9 of the Dungeon.
You worshipped Gozag.
Gozag was aware of your devotion.
You were not hungry.

You visited 2 branches of the dungeon, and saw 10 of its levels.
You also visited: Sewer.

You collected 1204 gold pieces.
You spent 138 gold pieces at shops.
You paid 794 gold pieces to Gozag.

Inventory:

Hand Weapons
 h - a +2 flail of protection
 j - a +0 blowgun
 l - a +1 rapier
 v - a +0 dagger of draining (weapon)
 x - a +2 whip of electrocution
Missiles
 k - 75 poisoned needles
Armour
 a - a +0 fire dragon armour
 b - a +0 helmet (worn)
 y - a +0 shield
 A - a +2 cloak (worn)
 F - a +3 leather armour of magic resistance (worn)
Jewellery
 m - an uncursed amulet of harm
 o - an uncursed ring of see invisible
 p - a +4 ring of protection (right hand)
 q - an uncursed ring of flight
 s - an uncursed ring of protection from cold
 B - a ring of fire (left hand)
 D - a cursed ring of teleportation {unknown}
Wands
 c - a wand of flame (0/48)
 d - a wand of enslavement (4/24)
 e - a wand of random effects (0/48)
 f - a wand of random effects (31/48)
 n - a wand of flame (0/48)
 t - a wand of paralysis (0/24)
 u - a wand of iceblast (0/15)
 E - a wand of confusion (1/48)
Scrolls
 g - 3 scrolls of amnesia
 i - 6 scrolls of remove curse
 r - a scroll of fear
 w - a scroll of fog
 z - a scroll of magic mapping
 C - 3 scrolls of identify


   Skills:
 - Level 1.0 Fighting
 - Level 4.5 Short Blades
 - Level 1.5 Dodging
 - Level 4.5 Stealth
 + Level 10.9 Evocations


You had 9 spell levels left.
You didn't know any spells.

Dungeon Overview and Level Annotations

Branches:
Dungeon (9/15)             Temple (1/1) D:7
   Lair: D:8-11         Orc: D:9-12

Altars:
Ashenzari
Cheibriados
Dithmenos
Fedhas
Gozag
Hepliaklqana
Kikubaaqudgha
Makhleb
Nemelex Xobeh
Okawaru
Qazlal
Ru
Sif Muna
Trog
Uskayaw
Vehumet
Xom
Yredelemnul
Zin
The Shining One

Shops:
D:7 *


Innate Abilities, Weirdness & Mutations

You do not eat or drink.
Your flesh is vulnerable to fire.
You are immune to poison.
Your flesh is cold resistant. (rC+)
You are immune to negative energy. (rN+++)
You are immune to unholy pain and torment.
You can survive without breathing.


Message History

The guardian serpent coils itself and waves its upper body at you.
The bolt of poison misses you.
Unknown command.
Evoke which item? (* to show all) (? for menu, Esc to quit)
Zapping:
E - a wand of confusion (3/48)
Press: ? - help, Shift-Dir - straight line, f/p - guardian serpent
Aim: a guardian serpent (moderately wounded, fast, chance to defeat MR: 33%)
The guardian serpent easily resists.
This wand has 2 charges left.
The guardian serpent barely misses you. x2; The guardian serpent hits you.
* * * LOW HITPOINT WARNING * * *
Unknown command.
Evoke which item? (* to show all) (? for menu, Esc to quit)
Zapping:
E - a wand of confusion (2/48)
Press: ? - help, Shift-Dir - straight line, f/p - guardian serpent
Aim: a guardian serpent (moderately wounded, fast, chance to defeat MR: 33%)
The guardian serpent easily resists.
This wand has 1 charge left.
The guardian serpent coils itself and waves its upper body at you.
The bolt of poison hits you! You resist. The guardian serpent hits you!
You die...
Your body crumbles into a pile of gold.

........ . .. #. ....... .##
. .. #.##..... ..# .# ...###
#.##..... #.##.#
......##.#..... .....###.
.........>...#######........
.............##.$$$$...$(...
..<....#.....$@S####........
............##### #$#..####
........<..## ..# .#
......#...## .... .#
........### .#### #
.#....o## .. (( #..... .. $(
###### .. $ $(#


You could see a guardian serpent.

Vanquished Creatures
  The ghost of Soeti the Chopper, an amateur DDFi (Sewer)
  A spriggan (D:7)
  2 steam dragons
  A hungry ghost (D:7)
  Menkaure (D:6)
  An orc warrior (D:9)
  3 ice beasts
  2 phantoms
  A sky beast (D:5)
  5 ogres
  5 centaurs
  A necrophage (D:7)
  2 big kobolds
  4 bullfrogs
  A gnoll sergeant (D:6)
  2 scorpions
  4 howler monkeys
  3 crimson imps
  A bullfrog zombie (D:9)
  A quasit (D:6)
  3 jellies
  A wasp zombie (D:7)
  A hound (D:6)
  3 orc priests
  6 orc wizards
  2 iguanas
  A bullfrog skeleton (D:6)
  4 worker ants
  Robin (D:2)
  4 gnolls
  A howler monkey skeleton (D:6)
  8 adders
  A shadow imp (D:5)
  9 oozes (Sewer)
  An adder skeleton (D:9)
  2 adder zombies
  3 worms (D:3)
  A dart slug (D:1)
  17 leopard geckos
  26 orcs
  13 giant cockroaches
  14 goblins
  15 hobgoblins
  7 jackals
  23 kobolds
  3 quokkas (D:7)
  15 ball pythons
  14 bats
  12 frilled lizards
  A jackal skeleton (D:4)
  A jackal zombie (D:5)
  A leopard gecko skeleton (D:4)
  A quokka zombie (D:8)
  6 rats
263 creatures vanquished.

Vanquished Creatures (collateral kills)
  An orc wizard (D:6)
  An orc priest (D:3)
  3 orcs
5 creatures vanquished.

Vanquished Creatures (others)
  An ogre (D:6)
  A bullfrog zombie (D:5)
  2 orc wizards
  An adder (D:5)
  A jackal (D:6)
6 creatures vanquished.

Grand Total: 274 creatures vanquished

Notes
Turn   | Place    | Note
-------+----------+-------------------------------------------
     0 | D:1      | Amnesiac the Mummy Artificer began the quest for the Orb.
     0 | D:1      | Reached XP level 1. HP: 15/15 MP: 2/2
   489 | D:3      | Reached XP level 2. HP: 20/21 MP: 4/4
   508 | D:3      | Reached skill level 3 in Evocations
   514 | D:3      | Noticed a scorpion
   527 | D:3      | Killed a scorpion
   527 | D:3      | Reached XP level 3. HP: 18/26 MP: 5/5
   541 | D:3      | Reached skill level 4 in Evocations
   541 | D:3      | Reached XP level 4. HP: 16/32 MP: 5/7
  1354 | D:4      | Noticed an ogre
  1498 | D:4      | Killed an ogre
  1498 | D:4      | Reached skill level 5 in Evocations
  1498 | D:4      | Reached XP level 5. HP: 33/37 MP: 8/8
  1647 | D:4      | Found a glowing golden altar of the Shining One.
  1656 | D:4      | Noticed a phantom
  1663 | D:4      | Killed a phantom
  1663 | D:4      | Reached XP level 6. HP: 31/43 MP: 8/10
  1858 | D:5      | Entered Level 5 of the Dungeon
  2004 | D:5      | Reached skill level 6 in Evocations
  2287 | D:5      | Reached skill level 1 in Short Blades
  2287 | D:5      | Reached skill level 1 in Stealth
  2486 | D:5      | Reached XP level 7. HP: 46/48 MP: 11/11
  3287 | D:6      | Noticed Menkaure
  3293 | D:6      | Killed Menkaure
  3293 | D:6      | Reached skill level 7 in Evocations
  3354 | D:6      | Reached XP level 8. HP: 54/54 MP: 13/13
  3385 | D:6      | Found a glowing drain.
  3393 | Sewer    | Entered a sewer
  3393 | Sewer    | Noticed Soeti's ghost (amateur DDFi)
  3415 | Sewer    | Killed Soeti's ghost
  3415 | Sewer    | Reached skill level 8 in Evocations
  4549 | D:6      | Reached skill level 9 in Evocations
  4594 | D:6      | HP: 2/54 [orc wizard/dagger (3)]
  5399 | D:6      | Found an ancient bone altar of Kikubaaqudgha.
  5412 | D:6      | Found a radiant altar of Vehumet.
  5484 | D:7      | Reached XP level 9. HP: 44/59 MP: 15/15
  6120 | D:7      | Found a staircase to the Ecumenical Temple.
  6130 | Temple   | Entered the Ecumenical Temple
  6211 | Temple   | Became a worshipper of Gozag Ym Sagoz the Greedy
  7589 | D:2      | Noticed Robin
  7612 | D:2      | Killed Robin
  7979 | D:2      | Found an iron altar of Okawaru.
  9186 | D:7      | Bought a crooked silver wand for 92 gold pieces
  9186 | D:7      | Bought a glowing leather armour for 46 gold pieces
  9313 | D:7      | Reached skill level 10 in Evocations
 10249 | D:8      | Reached XP level 10. HP: 56/65 MP: 17/17
 10735 | D:9      | Noticed a guardian serpent
 10750 | D:9      | Slain by a guardian serpent

Vault maps used:
D:1:      dpeg_arrival_leaves_temple_mockup
D:2:      okawaru_altar_gauntlet_db, uniq_robin
D:3:      guppyfry_early_lair_pool
D:4:      nicolae_tso_carved_into_rock, first_bread
D:5:      lemuel_flamethrower_1
D:6:      kennysheep_mini, kiku_gazebo_pond_becter, lightli_sewer_entry_pipes,
          uniq_menkaure
D:7:      the_bakery, kennysheep_generic_room_14
D:8:      nrook_mini_vaults, hex_medium
D:9:      elyvilon_altar_5, hex_intersection, nrook_guardian_serpent_double
Temple:   nicolae_temple_elliptical
Sewer:    sewer_frog_island_02

Skill      XL: |  1  2  3  4  5  6  7  8  9 |
---------------+----------------------------+-----
Evocations     | 3 4 5 6 7 9 10 | 10.9
Short Blades   | 1 2 4 |  4.5
Stealth        | 1 2 4 |  4.5
Fighting       | |  1.0
Dodging        | |  1.5

Action                   |  1- 3 |  4- 6 |  7- 9 | 10-12 || total
-------------------------+-------+-------+-------+-------++-------
Melee: Short sword       |    37 |   118 |       |       ||   155
       Dagger            |       |    14 |   481 |    91 ||   586
       Rapier            |       |       |   439 |       ||   439
       Whip              |       |       |     5 |       ||     5
 Fire: Blowgun           |    22 |    14 |       |       ||    36
Invok: Call Merchant     |       |       |     1 |       ||     1
Evoke: Wand              |       |    31 |    42 |    13 ||    86
  Use: Scroll            |       |     7 |     8 |       ||    15
 Stab: Paralysed         |       |     6 |    23 |       ||    29
       Confused          |       |     2 |     1 |     2 ||     5
       Distracted        |       |       |     4 |       ||     4
       Sleeping          |       |       |    19 |     1 ||    20
Armor: Leather armour    |    14 |    45 |   419 |    39 ||   517
Dodge: Dodged            |    41 |   102 |   617 |    52 ||   812
